 Dungeon Crawl Stone Soup version 0.27.1-34-g3ba077fa99 (webtiles) character file.

Game seed: 2386266294357052769

118 beerice the Chopper (level 4, -1/41 HPs)
             Began as a Minotaur Berserker on Jan 16, 2022.
             Was a Believer of Trog.
             Slain by a kobold (2 damage)
             ... in a sewer.
             The game lasted 00:21:54 (3185 turns).

beerice the Chopper (Minotaur Berserker)            Turns: 3185, Time: 00:21:54

Health: -1/41      AC:  6    Str: 22    XL:     4   Next: 72%
Magic:  3/3        EV: 10    Int:  4    God:    Trog [**....]
Gold:   67         SH:  0    Dex: 10    Spells: 3/3 levels left

rFire    . . .     SeeInvis .   a - +0 hand axe
rCold    . . .     Faith    .   (no shield)
rNeg     . . .     Spirit   .   k - +0 scale mail
rPois    .         Reflect  .   (helmet restricted)
rElec    .         Harm     .   (no cloak)
rCorr    .         Rampage  .   (no gloves)
Will     .....                  (no boots)
Stlth    ..........             (no amulet)
HPRegen  0.13/turn              (no ring)
MPRegen  0.08/turn              (no ring)

@: lethally poisoned (-1 -> -15), hasted, very quick
A: horns 2, retaliatory headbutt
a: Renounce Religion, Berserk, Trog's Hand


You were in a sewer.
You worshipped Trog.
Trog was pleased with you.
You visited 1 branch of the dungeon, and saw 3 of its levels.
You also visited: Sewer.

You collected 67 gold pieces.

Inventory:

Hand Weapons
 a - a +0 hand axe (weapon)
 j - a +5 dagger of venom
Missiles
 c - 57 stones (quivered)
 g - 25 sling bullets
 h - 49 bolts
Armour
 b - a +0 animal skin
 k - a +0 scale mail (worn)
Wands
 m - a wand of charming (10)
Scrolls
 d - a scroll of immolation {unknown}
 e - a scroll of teleportation {unknown}
 f - a scroll of identify {unknown}
 i - a scroll of enchant weapon {unknown}


   Skills:
 + Level 4.4 Fighting
 * Level 5.0 Axes
 + Level 3.4 Armour
 + Level 3.1 Dodging


You had 3 spell levels left.
You didn't know any spells.
Your spell library was empty.

Dungeon Overview and Level Annotations

Branches:
Dungeon (3/15)              Sewer (1/1)

Altars:


Innate Abilities, Weirdness & Mutations

You have a pair of horns on your head.
You reflexively headbutt those who attack you in melee.


Message History

There is an empty arch of ancient stone here.
There is an empty arch of ancient stone here.
You open the door.
A kobold comes into view.
It is wielding a +1 short sword of venom.
The kobold shouts!
The kobold throws a stone.
The stone hits you but does no damage. The kobold hits you but does no damage.
There is an open door here.
You barely miss the kobold.
The kobold hits you with a +1 short sword of venom.
You are poisoned.
You closely miss the kobold. You headbutt the kobold.
The kobold is moderately wounded.
You feel very sick.
The kobold hits you with a +1 short sword of venom.
You are lethally poisoned!
You barely miss the kobold. Your headbutt misses the kobold.
The kobold is moderately wounded.
You feel extremely sick. The kobold hits you but does no damage.
You are more poisoned.
You closely miss the kobold.
The kobold is moderately wounded.
You feel extremely sick.
The kobold hits you with a +1 short sword of venom.
* * * LOW HITPOINT WARNING * * *
You closely miss the kobold.
You headbutt the kobold, but do no damage.
The kobold is moderately wounded.
* * * LOW HITPOINT WARNING * * *
You feel very sick. The kobold hits you but does no damage.
Press: ? - help, v - describe, . - travel
Here: a kobold, wielding a +1 short sword of venom and quivering stones (moderately wounded)
The floor.
It was a potion of haste.
You feel yourself speed up.
* * * LOW HITPOINT WARNING * * *
You feel very sick.
The kobold hits you with a +1 short sword of venom.
You die...

###############
#.##∩##.##.##.#
#K##.##.##.##.#
#+##+##@##.##'##'##'#
#...................####
#≈≈≈≈≈≈≈≈≈.≈≈≈≈≈≈≈≈≈#≈≈≈
#≈≈≈≈≈≈≈≈≈∩≈≈≈≈≈≈≈≈≈#≈≈≈
#≈≈≈≈≈≈≈≈≈.≈≈≈≈≈≈≈≈≈#≈≈≈
#...................####
#+##+##+##+##+##+##+#


You could see a kobold.

Vanquished Creatures
  Jessica (D:2)
  2 adders (D:2)
  A river rat (D:3)
  3 worms
  2 dart slugs
  4 endoplasms
  2 giant cockroaches
  4 goblins
  4 hobgoblins
  6 jackals
  2 quokkas (D:2)
  4 ball pythons (D:1)
  4 bats
  3 frilled lizards (D:1)
  2 kobolds (D:1)
  8 rats
52 creatures vanquished.

Vanquished Creatures (others)
  A fungus (D:1)
  6 plants (D:1)
7 creatures vanquished.

Grand Total: 59 creatures vanquished

Notes
Turn   | Place    | Note
-------+----------+-------------------------------------------
     0 | D:1      | beerice the Minotaur Berserker began the quest for the Orb.
     0 | D:1      | Reached XP level 1. HP: 19/19 MP: 0/0
   251 | D:1      | Reached XP level 2. HP: 27/27 MP: 1/1
   383 | D:1      | Reached skill level 4 in Axes
   612 | D:1      | Found a faded altar of an unknown god.
   838 | D:1      | Reached ** piety under Trog
  1399 | D:2      | Reached XP level 3. HP: 28/33 MP: 2/2
  1823 | D:2      | Noticed Jessica
  1828 | D:2      | Killed Jessica
  1879 | D:2      | Reached XP level 4. HP: 32/40 MP: 3/3
  2991 | D:3      | Found a glowing drain.
  3003 | D:3      | Reached skill level 5 in Axes
  3130 | Sewer    | Entered a sewer
  3185 | Sewer    | HP: 1/41 [poisoned by a kobold]
  3185 | Sewer    | Slain by a kobold

Illustrated notes

Levels and vault maps discovered:
D:1:      mushboom_english_gardens, layout_basic,
          shapermc_ecumenical_altar_ellora
D:2:      layout_loops_ring, serial_aquarium, aquarium_bridge_square
          [aquarium_subvault_wall, aquarium_subvault_wall,
          aquarium_subvault_wall, aquarium_subvault_bridge],
          aquarium_bridge_square [aquarium_subvault_bridge,
          aquarium_subvault_balcony, aquarium_subvault_window,
          aquarium_subvault_wall], aquarium_window_2, aquarium_window_1,
          aquarium_window_2, aquarium_window_corridor_1, aquarium_view_2c,
          aquarium_balcony_3b, aquarium_pool_2, uniq_jessica
D:3:      layout_basic, cheibrodos_sewer_entry_sluice, uniq_grinder
Sewer:    kennysheep_door_sewer

Skill      XL: |  1  2  3  4 |
---------------+-------------+-----
Axes           | 4 5 |  5.0
Fighting       | 4 |  4.4
Armour         | 3 |  3.4
Dodging        | 3 |  3.1

Action                   |  1- 3 |  4- 6 || total
-------------------------+-------+-------++-------
Melee: Hand axe          |    84 |    55 ||   139
       Headbutt          |    14 |     8 ||    22
Throw: Stone             |    10 |     9 ||    19
Invok: Berserk           |     1 |       ||     1
       Trog's Hand       |     1 |       ||     1
  Use: Potion            |     1 |     1 ||     2
 Stab: Sleeping          |     1 |       ||     1
Armor: Animal skin       |    13 |     2 ||    15
       Scale mail        |       |    22 ||    22
Dodge: Dodged            |    40 |    36 ||    76
